 Dungeon Crawl Stone Soup version 0.21-a0-127-g329daca (webtiles) character file.

1858 Kythnos the Covert (level 8, -1/39 HPs)
             Began as a Spriggan Enchanter on July 16, 2017.
             Was a Follower of Dithmenos.
             Killed by divine providence
             ... invoked by an orc priest
              (14 damage)
             ... on level 7 of the Dungeon.
             The game lasted 00:17:33 (7267 turns).

Kythnos the Covert (Spriggan Enchanter)             Turns: 7267, Time: 00:17:34

Health: -1/39      AC:  4    Str:  5    XL:     8   Next: 89%
Magic:  33/36      EV: 20    Int: 18    God:    Dithmenos [*.....]
Gold:   348        SH:  0    Dex: 16    Spells: 7/19 levels left

rFire    . . .     SeeInvis +   b - +6 dagger (venom)
rCold    . . .     Gourm    .   (shield restricted)
rNeg     . . .     Faith    .   c - +1 robe {Archmagi}
rPois    .         Spirit   .   (helmet restricted)
rElec    .         Reflect  .   x - +0 cloak
rCorr    .         Harm     .   (gloves unavailable)
MR       +....                  (boots unavailable)
Stlth    ++++++....             (no amulet)
HPRegen  0.13/turn              f - ring of magical power
MPRegen  0.25/turn              t - ring of magical power

@: wreathed by umbra, very quick
A: unfitting armour, see invisible, herbivore 3, speed 3, slow metabolism 2
a: Renounce Religion


You were on level 7 of the Dungeon.
You worshipped Dithmenos.
Dithmenos was aware of your devotion.
You were not hungry.

You visited 2 branches of the dungeon, and saw 9 of its levels.

You collected 348 gold pieces.

Inventory:

Hand Weapons
 a - a +3 dagger
 b - a +6 dagger of venom (weapon)
Armour
 c - a +1 robe of the Archmagi (worn)
 x - a +0 cloak (worn)
Jewellery
 f - a ring of magical power (left hand)
 t - a ring of magical power (right hand)
 w - a +3 amulet of reflection {unknown}
Wands
 m - a wand of polymorph (12/24)
 s - a wand of lightning (7/15)
 y - a wand of iceblast (3/15)
 A - a wand of acid (9/15)
Scrolls
 e - 3 scrolls of remove curse
 i - 2 scrolls of fear
 l - a scroll of teleportation
 p - 2 scrolls of fog
 r - a scroll of recharging
Potions
 g - a potion of cancellation
 h - a potion of magic
 j - a potion of mutation
 k - a potion of might
 n - a potion of agility
 o - 3 potions of curing
 q - a potion of heal wounds
 u - a potion of haste
Comestibles
 d - 6 bread rations
 v - 3 fruits
 z - 2 royal jellies


   Skills:
 + Level 1.8 Fighting
 + Level 3.0 Short Blades
 + Level 4.6 Dodging
 + Level 13.0 Stealth
 + Level 6.1 Spellcasting
 + Level 6.8 Hexes


You had 7 spell levels left.
You knew the following spells:

 Your Spells              Type           Power        Failure   Level  Hunger
a - Ensorcelled Hibernat  Hex/Ice        ####..       4%          2    None
b - Corona                Hex            #####..      1%          1    None
c - Confuse               Hex            #####...     1%          3    ##.....
d - Tukima's Dance        Hex            #####...     1%          3    ##.....
e - Dazzling Spray        Conj/Hex       ####..       9%          3    ##.....


Dungeon Overview and Level Annotations

Branches:
Dungeon (8/15)             Temple (1/1) D:5
   Lair: D:8-11

Altars:
Ashenzari
Cheibriados
Dithmenos
Elyvilon
Fedhas
Gozag
Hepliaklqana
Kikubaaqudgha
Makhleb
Nemelex Xobeh
Okawaru
Qazlal
Ru
Sif Muna
Trog
Uskayaw
Vehumet
Wu Jian
Xom
Yredelemnul
Zin
The Shining One


Innate Abilities, Weirdness & Mutations

You are very small and have problems with some larger weapons.
You are too small for most types of armour.
You have supernaturally acute eyesight. (SInv)
You are a herbivore.
You cover ground extremely quickly.
You need consume almost no food.


Message History

Aim: an orc wizard, wielding a dagger and wearing a robe (heavily wounded, poisoned, umbra, chance to defeat MR: 55%)
You feel a surge of power!
The orc wizard looks drowsy...
The helpless orc wizard fails to defend itself.
You spit the orc wizard like a pig!!!
You kill the orc wizard!
Dithmenos accepts your kill.
Dithmenos appreciates your extinguishing a source of fire.
Your Short Blades skill increases to level 3!
The orc wizard mumbles some strange words.
The orc wizard seems to speed up.
The orc priest invokes the aid of Beogh against you.
Beogh smites you! The orc hits you but does no damage.
Things that are here:
a dagger; a robe The orc wizard misses you.
There is a stone staircase leading up here.
The orc wizard hits you with a dagger of electrocution.
The orc priest calls down the wrath of Beogh upon you.
Beogh smites you!
You die...

##########
.........##
..........
.........#
.........######
...............
...>.o.@.#
....o.oo.#
.........####..
##)....!......#
......###...######..
....## ###.### #.#
#.#.# #...## #.#
######.#.#####
###..###.#
#......#.....##
##.)...#####


You could see an orc priest, an orc wizard and 2 orcs.

Vanquished Creatures
  A hippogriff (D:7)
  2 sky beasts
  2 phantoms (D:6)
  2 centaurs (D:7)
  2 bullfrogs
  A wyvern skeleton (D:7)
  3 scorpions
  4 wights (D:7)
  A crimson imp (D:4)
  7 orc wizards
  2 hounds
  4 orc priests
  Crazy Yiuf (D:6)
  A bullfrog skeleton (D:6)
  A worker ant (D:4)
  A hound skeleton (D:7)
  6 adders
  A shadow imp (D:5)
  An adder skeleton (D:6)
  2 worms
  5 leopard geckos
  23 orcs
  4 giant cockroaches
  7 hobgoblins
  12 jackals
  A quokka (D:6)
  2 ball pythons
  10 bats
  2 frilled lizards
  A giant cockroach zombie (D:6)
  9 goblins
  9 kobolds
  A leopard gecko zombie (D:6)
  6 rats
  A plant (D:1)
138 creatures vanquished.

Notes
Turn   | Place    | Note
-------+----------+-------------------------------------------
     0 | D:1      | Kythnos the Spriggan Enchanter began the quest for the Orb.
     0 | D:1      | Reached XP level 1. HP: 9/9 MP: 5/5
   849 | D:1      | Reached XP level 2. HP: 7/13 MP: 4/7
   853 | D:1      | Learned a level 2 spell: Ensorcelled Hibernation
  1905 | D:1      | Reached XP level 3. HP: 16/16 MP: 9/9
  1910 | D:1      | Learned a level 3 spell: Confuse
  1914 | D:1      | Learned a level 3 spell: Tukima's Dance
  2675 | D:2      | Reached XP level 4. HP: 12/21 MP: 7/11
  3020 | D:2      | Reached skill level 5 in Hexes
  3628 | D:3      | Found a faded altar of an unknown god.
  3770 | D:3      | Noticed a sky beast
  3799 | D:3      | Killed a sky beast
  3799 | D:3      | Reached skill level 5 in Spellcasting
  3799 | D:3      | Reached XP level 5. HP: 24/24 MP: 11/13
  4051 | D:4      | Reached skill level 5 in Stealth
  4065 | D:4      | Learned a level 3 spell: Dazzling Spray
  4158 | D:4      | Reached XP level 6. HP: 28/28 MP: 14/14
  4197 | D:4      | Reached skill level 6 in Stealth
  4581 | D:4      | Reached skill level 7 in Stealth
  4618 | D:4      | Found a hide-covered altar of Uskayaw.
  4821 | D:5      | Entered Level 5 of the Dungeon
  4860 | D:5      | Found a staircase to the Ecumenical Temple.
  4867 | Temple   | Entered the Ecumenical Temple
  4970 | Temple   | Became a worshipper of Dithmenos the Shadowed
  5029 | D:5      | Reached skill level 8 in Stealth
  5172 | D:5      | Reached XP level 7. HP: 28/32 MP: 15/15
  5182 | D:5      | Reached skill level 9 in Stealth
  5890 | D:6      | Reached skill level 10 in Stealth
  6318 | D:6      | Reached skill level 11 in Stealth
  6394 | D:6      | Reached * piety under Dithmenos
  6400 | D:6      | Reached XP level 8. HP: 36/36 MP: 16/16
  6485 | D:6      | Reached skill level 12 in Stealth
  6543 | D:6      | Found a runed door.
  6547 | D:6      | Noticed Crazy Yiuf
  6551 | D:6      | Killed Crazy Yiuf
  6725 | D:8      | Noticed a hippogriff
  7092 | D:7      | Noticed a hippogriff
  7094 | D:7      | Reached skill level 1 in Fighting
  7116 | D:7      | Killed a hippogriff
  7234 | D:7      | Reached skill level 13 in Stealth
  7267 | D:7      | Killed from afar by an orc priest

Vault maps used:
D:1:      denvon_arrival_planthouse
D:3:      chequers_ecumenical_altar_twisty, kennysheep_cluttered_room
D:4:      lemuel_coloured_pillars_altar, first_bread
D:5:      minmay_temple_entry_hall
D:6:      uniq_crazy_yiuf_cottage
D:7:      serial_shops, nicolae_shop_behind_doors, nicolae_shop_trees
D:8:      hangedman_little_slice_of_home, nicolae_benzene_ring, uniq_joseph
Temple:   kilobyte_greek_temple

Skill      XL: |  1  2  3  4  5  6  7  8 |
---------------+-------------------------+-----
Spellcasting   | 3 4 5 6 |  6.1
Hexes          | 4 6 |  6.8
Stealth        | 5 8 11 13 | 13.0
Fighting       | 1 |  1.8
Short Blades   | 3 |  3.0
Dodging        | 4 |  4.6

Action                   |  1- 3 |  4- 6 |  7- 9 || total
-------------------------+-------+-------+-------++-------
Melee: Dagger            |   261 |   103 |   115 ||   479
 Cast: Corona            |     9 |       |       ||     9
       Ensorcelled Hiber |    30 |    32 |    14 ||    76
       Confuse           |       |     5 |    11 ||    16
       Dazzling Spray    |       |     2 |     1 ||     3
  Use: Scroll            |     6 |    11 |     6 ||    23
 Stab: Sleeping          |    31 |    28 |    19 ||    78
       Confused          |       |     3 |     7 ||    10
       Invisible         |       |     2 |       ||     2
  Eat: Bread ration      |     1 |       |       ||     1
       Royal jelly       |       |     1 |       ||     1
Armor: Robe              |    12 |     1 |     5 ||    18
Dodge: Dodged            |   149 |    55 |    77 ||   281
